 Dungeon Crawl Stone Soup version 0.29.1-1-gd02db6906a (webtiles) character file.

Game seed: 10572462811428518622

4817 Powertoast the Cleaver (level 10, -13/101 HPs)
             Began as a Hill Orc Fighter on Sept 19, 2022.
             Was the Champion of Jiyva.
             Mangled by a two-headed ogre
             ... wielding a +0 giant club
              (23 damage)
             ... on level 8 of the Dungeon.
             The game lasted 00:20:29 (6964 turns).

Powertoast the Cleaver (Hill Orc Fighter)           Turns: 6964, Time: 00:20:30

Health: -13/101    AC: 18    Str: 24    XL:     10   Next: 48%
Magic:  10/10      EV: 14    Int:  7    God:    Jiyva [******]
Gold:   103        SH:  4    Dex: 13    Spells: 9/9 levels left

rFire   + + +      SeeInvis .   a - +0 war axe
rCold   . . .      Faith    +   c - +0 buckler
rNeg    . . .      Spirit   .   M - +2 ring mail {rF+}
rPois   .          Reflect  .   F - +0 helmet
rElec   .          Harm     .   (no cloak)
rCorr   +          Rampage  .   p - +0 pair of gloves
Will    .....                   (boots unavailable)
Stlth   +.........              m - amulet of faith
HPRegen 1.86/turn               e - +4 ring of evasion
MPRegen 0.62/turn               l - +4 ring of protection

@: no status effects
A: talons 3, iridescent scales 2, fire resistance 2, strong 1, engulf
a: Renounce Religion, Convert to Beogh, Oozemancy, Slimify


You were on level 8 of the Dungeon.
You worshipped Jiyva.
Jiyva was exalted by your worship.
You visited 1 branch of the dungeon, and saw 9 of its levels.
You also visited: Sewer and Ossuary.

You collected 323 gold pieces.
You spent 220 gold pieces at shops.

Inventory:

Hand Weapons
 a - a +0 war axe (weapon)
 N - a +3 flail of protection
Missiles
 D - 6 poisoned darts (quivered)
Armour
 b - a +0 scale mail
 c - a +0 buckler (worn)
 p - a +0 pair of gloves (worn)
 t - a +0 pair of boots
 F - a +0 helmet (worn)
 I - a +0 plate armour
 M - a +2 ring mail of fire resistance (worn)
Jewellery
 e - a +4 ring of evasion (left hand)
 l - a +4 ring of protection (right hand)
 m - an amulet of faith (around neck)
 n - a ring of ice
 o - an amulet of guardian spirit
 y - a +6 ring of dexterity
 C - a ring of willpower
Wands
 K - a wand of paralysis (12)
 O - a wand of roots (3)
Scrolls
 f - 2 scrolls of enchant weapon
 h - 9 scrolls of teleportation
 i - 2 scrolls of blinking
 q - a scroll of poison
 r - 2 scrolls of enchant armour
 v - 4 scrolls of butterflies
 H - 3 scrolls of brand weapon {unknown}
 L - a scroll of identify
 P - 2 scrolls of magic mapping {unknown}
 Q - a scroll of noise {unknown}
 R - a scroll of fear {unknown}
 S - a scroll of summoning {unknown}
Potions
 d - 2 potions of lignification
 g - 3 potions of mutation
 j - 2 potions of haste
 k - a potion of cancellation {unknown}
 s - 2 potions of brilliance {unknown}
 u - 4 potions of attraction
 w - 2 potions of curing {unknown}
 x - 3 potions of might
 z - 2 potions of heal wounds {unknown}
 A - a potion of degeneration {unknown}
 B - 2 potions of flight {unknown}
 E - 2 potions of berserk rage
 G - 2 potions of ambrosia {unknown}
 J - a potion of magic {unknown}


   Skills:
 + Level 13.1 Fighting
 - Level 14.0 Axes
 - Level 3.2 Armour
 - Level 3.2 Shields


You had 9 spell levels left.
You didn't know any spells.
Your spell library contained the following spells:

 Spells                   Type           Power      Damage    Failure   Level
 Summon Small Mammal      Summ           0%         N/A       67%         1
 Call Canine Familiar     Summ           0%         N/A       96%         3
 Summon Guardian Golem    Hex/Summ       0%         N/A       96%         3


Dungeon Overview and Level Annotations

Branches:
Dungeon (9/15)             Temple (0/1) D:4           Sewer (visited)
Ossuary (visited)
   Lair: D:8-11         Orc: D:9-12

Altars:
Elyvilon
Gozag
Hepliaklqana
Ru
Yredelemnul
Zin

Shops:
D:2 [   D:5 ?(*::

Annotations:
D:9 1 runed translucent door


Innate Abilities, Weirdness & Mutations

You have claws for feet.
You are mostly covered in iridescent scales. (AC +4)
Your flesh is very heat resistant. (rF++)
Your muscles are strong. (Str +4, Int/Dex -1)
Your melee attacks may engulf your foes in ooze.


Message History

There is a stone staircase leading down here.
You climb downwards.
There is a stone staircase leading up here.
Found a stone staircase leading up.
Jiyva alters your body.
You feel less resistant to poisons.
Your magical essence no longer links to wands of the dungeon.
Your toenails lengthen and sharpen. x2; Your feet stretch into talons.
Your +0 pair of boots falls away!
You feel stronger.
A two-headed ogre comes into view. It is wielding two +0 giant clubs.
The two-headed ogre shouts in stereo!
An orc priest comes into view. It is wielding a +0 flail.
The orc priest shouts!
You block the two-headed ogre's attack.
The two-headed ogre hits you with a +0 giant club!!
You slash the two-headed ogre!
The two-headed ogre is lightly wounded.
The orc priest mumbles some strange prayers to Beogh against you.
Beogh smites you!
You barely miss the two-headed ogre.
You claw the two-headed ogre, but do no damage.
The two-headed ogre is lightly wounded.
The two-headed ogre hits you with a +0 giant club!!
The two-headed ogre hits you with a +0 giant club!
You barely miss the two-headed ogre.
The two-headed ogre is lightly wounded.
You barely miss the two-headed ogre.
The two-headed ogre is lightly wounded.
The two-headed ogre hits you with a +0 giant club!
* * * LOW HITPOINT WARNING * * *
The two-headed ogre hits you with a +0 giant club!
* * * LOW HITPOINT WARNING * * *
You barely miss the two-headed ogre.
You claw the two-headed ogre, but do no damage.
The two-headed ogre is lightly wounded.
You slash the two-headed ogre!
The two-headed ogre is moderately wounded.
The two-headed ogre hits you with a +0 giant club!!
You die...

### ..#...... ...
#.......# .⌠. #.#.###..
... #######.#.###.# ...
###..<....#.....#
.###.###............##..
......o.............##..
......O.................
#@........##.#####
#...########.# # #...#
#.# ###...### #.#
#.......# #.# #.#...#.#
#.. #.#....... ### #
##.#..#.# .....#.#


You could see a two-headed ogre and an orc priest.

Vanquished Creatures
  Pikel (D:6)
  Joseph (D:7)
  Psyche (D:9)
  Sigmund (D:2)
  4 yaks (D:7)
  A steam dragon (D:7)
  Menkaure (Ossuary)
  Duvessa (D:6)
  A black bear (D:7)
  2 orc warriors
  An ice beast (D:6)
  An ogre (D:5)
  3 lemures (D:6)
  A centaur (D:7)
  2 bullfrogs
  A kobold brigand (D:9)
  2 scorpions (D:5)
  7 wights (D:7)
  Dowan (D:6)
  10 killer bees
  6 howler monkeys
  4 hounds
  A jelly (Sewer)
  4 orc priests
  5 iguanas (D:5)
  Terence (D:1)
  3 orc wizards
  3 mummies (Ossuary)
  6 gnolls
  4 adders
  2 white imps
  An ufetubus (D:7)
  2 worms (D:2)
  2 dart slugs
  18 orcs
  7 bats
  14 endoplasms
  8 giant cockroaches
  4 gnoll zombies (Ossuary)
  8 goblins
  7 hobgoblins
  2 jackals (D:1)
  13 kobolds
  5 quokkas
  8 ball pythons
  8 frilled lizards
  4 gnoll skeletons (Ossuary)
  4 goblin skeletons (Ossuary)
  7 goblin zombies
  A hobgoblin zombie (Ossuary)
  5 kobold skeletons (Ossuary)
  A kobold zombie (Ossuary)
  3 orc skeletons (Ossuary)
  4 orc zombies (Ossuary)
  A quokka zombie (D:4)
  5 rats
  3 rat skeletons (Ossuary)
  7 rat zombies (Ossuary)
234 creatures vanquished.

Vanquished Creatures (others)
  11 jellies
  3 orc wizards
  2 gnolls (D:5)
  An adder (D:4)
  An endoplasm (D:4)
  7 orcs
  A bat (D:3)
  A giant cockroach (D:3)
  A goblin (D:4)
  A hobgoblin (D:3)
  A kobold (D:4)
  A quokka (D:4)
  4 ball pythons
  A gnoll skeleton (Ossuary)
  A goblin zombie (Ossuary)
  A hobgoblin skeleton (Ossuary)
  2 kobold skeletons (Ossuary)
  2 orc skeletons (Ossuary)
  An orc zombie (Ossuary)
  A rat (D:3)
  5 fungi (D:5)
  8 plants
57 creatures vanquished.

Grand Total: 291 creatures vanquished

Notes
Turn   | Place    | Note
-------+----------+-------------------------------------------
     0 | D:1      | Powertoast the Hill Orc Fighter began the quest for the
                  | Orb.
     0 | D:1      | Reached XP level 1. HP: 19/19 MP: 1/1
    40 | D:1      | Reached skill level 3 in Axes
   156 | D:1      | Reached XP level 2. HP: 27/27 MP: 2/2
   307 | D:1      | Found a faded altar of an unknown god.
   647 | D:1      | Reached skill level 4 in Axes
   756 | D:1      | Reached XP level 3. HP: 33/33 MP: 3/3
  1146 | D:2      | Noticed Terence
  1192 | D:1      | Killed Terence
  1193 | D:1      | Reached XP level 4. HP: 21/41 MP: 4/4
  1442 | D:2      | Reached skill level 5 in Axes
  1568 | D:2      | Noticed Sigmund
  1602 | D:2      | Killed Sigmund
  1603 | D:2      | Reached skill level 5 in Fighting
  1603 | D:2      | Reached skill level 6 in Axes
  1603 | D:2      | Reached XP level 5. HP: 29/48 MP: 5/5
  1603 | D:2      | Reached XP level 6. HP: 33/56 MP: 6/6
  1821 | D:2      | Found Futergh's Armour Emporium.
  1834 | D:2      | Bought a +0 pair of boots for 58 gold pieces
  1977 | D:2      | Reached skill level 7 in Axes
  2285 | D:3      | Found a glowing drain.
  2311 | Sewer    | Entered a sewer
  2622 | Sewer    | Found a viscous altar of Jiyva.
  2635 | Sewer    | Became a worshipper of Jiyva Joug the Shapeless
  2820 | D:3      | Found a sacrificial altar of Ru.
  3019 | D:3      | Reached * piety under Jiyva
  3501 | D:4      | Reached ** piety under Jiyva
  3596 | D:4      | Found a sand-covered staircase.
  3605 | Ossuary  | Entered an ossuary
  3849 | Ossuary  | Noticed Menkaure
  3859 | Ossuary  | Reached skill level 8 in Axes
  3859 | Ossuary  | Reached XP level 7. HP: 47/63 MP: 7/7
  3859 | Ossuary  | Killed Menkaure
  4328 | D:4      | Reached *** piety under Jiyva
  4342 | D:4      | Gained mutation: You are partially covered in iridescent
                  | scales. (AC +2) [Jiyva's grace]
  4342 | D:4      | Gained mutation: You are mostly covered in iridescent
                  | scales. (AC +4) [Jiyva's grace]
  4342 | D:4      | Gained mutation: You are completely covered in iridescent
                  | scales. (AC +6) [Jiyva's grace]
  4342 | D:4      | Gained mutation: Your melee attacks may engulf your foes in
                  | ooze. [Jiyva's grace]
  4406 | D:4      | Found a basalt altar of Yredelemnul.
  4512 | D:4      | Found a glowing silver altar of Zin.
  4529 | D:4      | Found a staircase to the Ecumenical Temple.
  4557 | D:5      | Entered Level 5 of the Dungeon
  4571 | D:5      | Found a hazy altar of Hepliaklqana.
  4584 | D:5      | Found Luiradwy's Book Shop.
  4592 | D:5      | Reached skill level 9 in Axes
  4630 | D:5      | Reached **** piety under Jiyva
  4645 | D:5      | Found Ifucola's Assorted Antiques.
  4653 | D:5      | Bought a scroll of identify for 50 gold pieces
  4653 | D:5      | Bought a helmet for 112 gold pieces
  4722 | D:5      | Found Qowk's Antique Weapon Shop.
  4769 | D:5      | Found an opulent altar of Gozag.
  4798 | D:5      | Found Xofropt's Magic Scroll Emporium.
  4812 | D:5      | Reached XP level 8. HP: 73/73 MP: 8/8
  4985 | D:5      | Reached skill level 10 in Axes
  5077 | D:5      | Found Fukhaemu's Book Shop.
  5255 | D:5      | Reached ***** piety under Jiyva
  5325 | D:6      | Lost mutation: You are completely covered in iridescent
                  | scales. (AC +6) [Jiyva's grace]
  5325 | D:6      | Gained mutation: Your system is resistant to poisons.
                  | (rPois) [Jiyva's grace]
  5325 | D:6      | Gained mutation: You expend magic power (3 MP) to
                  | strengthen your wands. [Jiyva's grace]
  5325 | D:6      | Gained mutation: Your flesh is heat resistant. (rF+)
                  | [Jiyva's grace]
  5325 | D:6      | Gained mutation: Your flesh is very heat resistant. (rF++)
                  | [Jiyva's grace]
  5378 | D:6      | Noticed Pikel
  5395 | D:6      | Killed Pikel
  5396 | D:6      | Reached skill level 11 in Axes
  5432 | D:6      | Noticed Dowan
  5433 | D:6      | Noticed Duvessa
  5440 | D:6      | Killed Duvessa
  5451 | D:6      | Killed Dowan
  5627 | D:6      | Reached skill level 12 in Axes
  5627 | D:6      | Reached XP level 9. HP: 82/82 MP: 9/9
  6042 | D:7      | You fall into a shaft and drop 2 floors!
  6112 | D:9      | Reached skill level 13 in Axes
  6152 | D:9      | Noticed Psyche
  6159 | D:9      | Killed Psyche
  6174 | D:9      | Found a runed translucent door.
  6298 | D:8      | Reached skill level 14 in Axes
  6319 | D:8      | Reached skill level 10 in Fighting
  6373 | D:7      | Found a white marble altar of Elyvilon.
  6422 | D:7      | Reached ****** piety under Jiyva
  6502 | D:7      | Reached XP level 10. HP: 80/96 MP: 10/10
  6566 | D:7      | Noticed Joseph
  6582 | D:7      | Killed Joseph
  6941 | D:8      | Lost mutation: Your system is resistant to poisons. (rPois)
                  | [Jiyva's grace]
  6941 | D:8      | Lost mutation: You expend magic power (3 MP) to strengthen
                  | your wands. [Jiyva's grace]
  6941 | D:8      | Gained mutation: You have sharp toenails. [Jiyva's grace]
  6941 | D:8      | Gained mutation: You have razor-sharp toenails. [Jiyva's
                  | grace]
  6941 | D:8      | Gained mutation: You have claws for feet. [Jiyva's grace]
  6941 | D:8      | Gained mutation: Your muscles are strong. (Str +4, Int/Dex
                  | -1) [Jiyva's grace]
  6954 | D:8      | Noticed a two-headed ogre
  6964 | D:8      | Mangled by a two-headed ogre

Illustrated notes

Levels and vault maps discovered:
D:1:      wander_arrival_peaceful_grave, layout_basic,
          hellmonk_ecumenical_altar_run_dry, minmay_statues_item
D:2:      layout_loops_ring, serial_shops, shop, minmay_heptomino_d4,
          uniq_sigmund, uniq_terence
D:3:      layout_loops_ring, mainiacjoe_overflow_surrounded_room,
          portal_sewer_entry_f
D:4:      cheibrodos_quashed, layout_basic, lemuel_crystal_altar,
          yredelemnul_altar_generic, minmay_temple_entry_gardened_gates,
          enter_ossuary_4
D:5:      layout_cave_pods, mainiacjoe_overflow_boulevard,
          mainiacjoe_overflow_alcove_1, serial_shops, nicolae_shop_hallway_plus,
          shop, kennysheep_mini_moat, nicolae_shop_overgrown_old_shop,
          nicolae_shop_hallway_plus, dreamdust_gnoll_farm
D:6:      layout_loops_ring, amcnicky_mini_pool_small, uniq_duvessa, uniq_pikel
D:7:      layout_basic, mainiacjoe_overflow_chevrons, uniq_joseph
D:8:      layout_loops_cross, gammafunk_temple_overflow_pools,
          general_overflow_altar, uniq_maggie, uniq_maurice
D:9:      layout_long_grid, grunt_dithmenos_smoke, minmay_statue_crystal_thing,
          uniq_psyche, uniq_erolcha, uniq_erica

Skill      XL: |  1  2  3  4  5  6  7  8  9 10 |
---------------+-------------------------------+-----
Axes           | 3 4 6 8 9 12 14 | 14.0
Fighting       | 4 5 6 7 8 11 13 | 13.1
Armour         | |  3.2
Shields        | |  3.2

Action                   |  1- 3 |  4- 6 |  7- 9 | 10-12 || total
-------------------------+-------+-------+-------+-------++-------
Melee: War axe           |    54 |   247 |   267 |    64 ||   632
       Kick              |       |       |       |     2 ||     2
  Use: Potion            |     1 |     1 |       |       ||     2
       Scroll            |       |     6 |     4 |       ||    10
Armor: Scale mail        |    21 |    72 |    32 |       ||   125
       Plate armour      |       |       |    27 |       ||    27
       Ring mail         |       |       |    63 |    24 ||    87
Dodge: Dodged            |    38 |   125 |   145 |    41 ||   349
Block: Buckler           |     5 |    54 |    65 |    15 ||   139
